 Dungeon Crawl Stone Soup version 0.30-a0-365-ge7f957f1db (webtiles) character file.

Game seed: 9149499186746208006

2 mopl the Caller (level 1, 0/10 HPs)
             Began as a Tengu Summoner on Nov 16, 2022.
             Slain by a quokka (3 damage)
             ... on level 1 of the Dungeon.
             The game lasted 00:00:16 (96 turns).

mopl the Caller (Tengu Summoner)                      Turns: 96, Time: 00:00:17

Health: 0/10       AC:  2    Str:  8    XL:     1   Next: 30%
Magic:  2/4        EV: 12    Int: 15    God:
Gold:   3          SH:  0    Dex: 14    Spells: 3/4 levels left

rFire   . . .      SeeInvis .    (no weapon)
rCold   . . .      Faith    .    (no shield)
rNeg    . . .      Spirit   .    a - +0 robe
rPois   .          Reflect  .    (helmet restricted)
rElec   .          Harm     .    (no cloak)
rCorr   .          Rampage  .    (no gloves)
Will    .....                    (boots unavailable)
Stlth   ++........               (no amulet)
HPRegen 0.21/turn                (no ring)
MPRegen 0.09/turn                (no ring)

@: no status effects
A: beak, talons 3
a: no special abilities


You were on level 1 of the Dungeon.
You visited 1 branch of the dungeon, and saw 1 of its levels.

You collected 3 gold pieces.

Inventory:

Armour
 a - a +0 robe (worn)
Potions
 b - a potion of magic


   Skills:
 - Level 2.1 Dodging
 - Level 2.0 Stealth
 + Level 2.0 Spellcasting
 + Level 4.9 Summonings


You had 3 spell levels left.
You knew the following spells:

 Your Spells              Type           Power      Damage    Failure   Level
a - Summon Small Mammal   Summ           64%        N/A       3%          1

Your spell library contained the following spells:

 Spells                   Type           Power      Damage    Failure   Level
 Call Imp                 Summ           16%        N/A       4%          2
 Call Canine Familiar     Summ           16%        N/A       9%          3
 Summon Guardian Golem    Hex/Summ       8%         N/A       24%         3
 Summon Lightning Spire   Summ/Air       8%         N/A       63%         4


Dungeon Overview and Level Annotations

Branches:
Dungeon (1/15)

Altars:


Innate Abilities, Weirdness & Mutations

You have a beak for a mouth.
You have claws for feet.


Message History

You kill the rat!
No target in view!
No target in view!
No target in view!
No target in view!
No target in view!
No target in view!
HP restored.
A quokka and a giant cockroach come into view.
There are monsters nearby!
Your rat bites the giant cockroach.
You swap places.
Your bat hits the giant cockroach.
The giant cockroach dies!
You closely miss the quokka. You claw the quokka.
The quokka is heavily wounded.
Your bat completely misses the quokka.
The quokka bites you.
You miss the quokka. Your peck misses the quokka.
The quokka is moderately wounded.
The quokka bites you.
Your bat closely misses the quokka.
The quokka misses you.
Your rat closely misses the quokka.
You hit the quokka but do no damage.
The quokka is moderately wounded.
Your bat closely misses the quokka.
The quokka bites you.
Ouch! That really hurt!
Your rat closely misses the quokka.
You are too injured to fight recklessly!
You are too injured to fight recklessly!
You are too injured to fight recklessly!
The quokka attacks as you move away! The quokka closely misses you.
Found a stone staircase leading down.
The quokka misses your bat.
Your rat bites the quokka.
Your bat closely misses the quokka.
Your bat closely misses the quokka.
The quokka closely misses your rat.
Your rat barely misses the quokka.
Your rat completely misses the quokka.
Your bat misses the quokka.
Your bat barely misses the quokka.
The quokka bites you.
* * * LOW HITPOINT WARNING * * *
Your rat bites the quokka.
Your bat barely misses the quokka.
The quokka bites you.
You die...

.. ..#####
....... #####
....... ...>
.......##..#.#
.............#
#.....@.#######
#####br.......#
#....r.######.#
#....†.# #.#
#.....## #.#
#..... #.#
#..... #.#
##.##. #.# ..
#. #.#


You could see a quokka (ally target), a friendly bat (summoned) and a friendly
rat (summoned).

Vanquished Creatures
  A rat (D:1)
1 creature vanquished.

Vanquished Creatures (collateral kills)
  A giant cockroach (D:1)
1 creature vanquished.

Grand Total: 2 creatures vanquished

Notes
Turn   | Place    | Note
-------+----------+-------------------------------------------
     0 | D:1      | mopl the Tengu Summoner began the quest for the Orb.
     0 | D:1      | Reached XP level 1. HP: 10/10 MP: 4/4
    96 | D:1      | Slain by a quokka

Illustrated notes

Levels and vault maps discovered:
D:1:      psy_arrival_basics, layout_basic, minivault_14

Action                   || total
-------------------------++-------
Melee: Unarmed           ||     5
       Kick              ||     1
       Peck              ||     1
 Cast: Summon Small Mamm ||     2
 Stab: Sleeping          ||     1
Dodge: Dodged            ||     2

Table legend: (Time is in decaauts)
 A = Elapsed time spent in this place.
 B = Non-inter-level travel time spent in this place.
 C = Inter-level travel time spent in this place.
 D = Time resting spent in this place.
 E = Time spent auto-exploring this place.
 F = Levels seen in this place.
 G = Mean time per level.
                   A        B        C        D        E       F      G
               +--------+--------+--------+--------+--------+-----+--------+
         Total |     96 |     96 |      0 |      0 |     73 |   1 |   96.0 |
       Dungeon |     96 |     96 |      0 |      0 |     73 |   1 |   96.0 |
               +--------+--------+--------+--------+--------+-----+--------+

Top non-repeatable levels by time:
     D:1: 96 daAuts
